 Dungeon Crawl Stone Soup version 0.28-a0-1613-gdaab1c2f9b (webtiles) character file.

Game seed: 927685348889094836

6583 ragingrage the Cleaver (level 11, -2/66 HPs)
             Began as a Gargoyle Artificer on Jan 22, 2022.
             Was a Priest of Okawaru.
             Slain by a two-headed ogre (17 damage)
             ... on level 9 of the Dungeon.
             The game lasted 00:19:41 (12242 turns).

ragingrage the Cleaver (Gargoyle Artificer)        Turns: 12242, Time: 00:19:42

Health: -2/66      AC: 23    Str: 14    XL:     11   Next: 1%
Magic:  9/11       EV:  8    Int: 24    God:    Okawaru [***...]
Gold:   157        SH:  0    Dex: 10    Spells: 10/10 levels left

rFire   . . .      SeeInvis .   a - +8 hunting sling of Corruption {flame, rElec rC+ Str-5 Int+5}
rCold   + . .      Faith    .   (no shield)
rNeg    + . .      Spirit   .   w - +2 chain mail {rPois}
rPois   ∞          Reflect  .   g - +0 helmet
rElec   +          Harm     .   L - +0 cloak
rCorr   .          Rampage  .   (no gloves)
Will    .....                   (no boots)
Stlth   ..........              (no amulet)
HPRegen 0.21/turn               f - +6 ring of intelligence
MPRegen 0.12/turn               (no ring)

@: heroic
A: sickness immunity, AC +8, negative energy resistance 1, electricity
resistance, torment resistance 1, petrification resistance
a: Renounce Religion, Heroism


You were on level 9 of the Dungeon.
You worshipped Okawaru.
Okawaru was most pleased with you.
You visited 2 branches of the dungeon, and saw 10 of its levels.
You visited the Abyss 1 time.
You also visited: Ossuary.

You collected 435 gold pieces.
You spent 278 gold pieces at shops.

Inventory:

Hand Weapons
 a - the +8 hunting sling of Corruption (weapon) {flame, rElec rC+ Str-5 Int+5}
   (You found it on level 2 of the Dungeon)

   Any ammunition fired from it burns those it strikes, dealing additional fire
   damage.
   Str:       It affects your strength (-5).
   Int:       It affects your intelligence (+5).
   rC:        It protects you from cold.
   rElec:     It insulates you from electricity.
 b - a +2 whip of draining
 n - a +3 hand axe
 O - a +3 morningstar
 P - a +5 trident
Missiles
 m - 12 poisoned darts
 o - 5 sling bullets (quivered ammo)
 p - 109 stones
Armour
 g - a +0 helmet (worn)
 w - a +2 chain mail of poison resistance (worn)
 L - a +0 cloak (worn)
Magical Staves
 x - a staff of cold
Jewellery
 f - a +6 ring of intelligence (left hand)
 I - a ring of ice
 J - a ring of protection from cold
Wands
 c - a wand of flame (22)
 d - a wand of charming (14)
 A - a wand of paralysis (7)
 H - a wand of iceblast (6)
 K - a wand of digging (4)
 M - a wand of acid (7)
 Q - a wand of polymorph (2)
Scrolls
 j - 2 scrolls of enchant armour
 r - 3 scrolls of identify
 u - 2 scrolls of blinking
 y - 6 scrolls of teleportation
Potions
 h - 2 potions of cancellation
 i - a potion of resistance
 k - a potion of ambrosia
 l - a potion of attraction {unknown}
 q - 2 potions of might
 s - 2 potions of berserk rage {unknown}
 t - 2 potions of curing
 v - a potion of lignification
 F - a potion of invisibility
 G - 2 potions of brilliance
 N - 2 potions of magic
Miscellaneous
 e - a piece from Xom's chessboard (15/15)


   Skills:
 + Level 6.8(11.8) Fighting
 + Level 12.3(17.3) Axes
 - Level 2.1(7.1) Armour
 - Level 0.7(5.7) Dodging
 - Level 1.1(6.1) Stealth
 - Level 7.0 Evocations


You had 10 spell levels left.
You didn't know any spells.
Your spell library contained the following spells:

 Spells                   Type           Power      Damage    Failure   Level
 Wereblood                Tmut           0%         N/A       98%         2
 Petrify                  Tmut/Erth      0%         N/A       100%        4
 Irradiate                Conj/Tmut      0%         3d13      100%        5
 Sublimation of Blood     Necr           Unusable   N/A       N/A         2
 Summon Hydra             Summ           Unusable   N/A       N/A         7

Dungeon Overview and Level Annotations

Branches:
Dungeon (9/15)             Temple (1/1) D:5            Lair (0/6) D:8
Ossuary (visited)
    Orc: D:9-12

Altars:
Dithmenos
Elyvilon
Fedhas
Gozag
Hepliaklqana
Kikubaaqudgha
Makhleb
Nemelex Xobeh
Okawaru
Qazlal
Ru
Sif Muna
Trog
Uskayaw
Vehumet
Wu Jian
Xom
Yredelemnul
Zin

Shops:
D:6 [   D:7 *   D:9 ?

Annotations:
D:4 exclusion: downstairs
D:6 exclusion: downstairs
D:7 exclusion: downstairs
D:8 exclusion: downstairs


Innate Abilities, Weirdness & Mutations

You are immune to sickness and miasma.
Your stone body is resilient. (AC +8)
You are immune to poison.
You resist negative energy. (rN+)
You are resistant to electric shocks. (rElec)
You are resistant to unholy torment.
You are immune to petrification.


Message History

Aim: a two-headed ogre, wielding a +0 giant spiked club and a +0 giant club (80% to hit)
You shoot a sling bullet.
The sling bullet hits the two-headed ogre.
The sling bullet burns the two-headed ogre.
The two-headed ogre is lightly wounded.
Fire: 9 sling bullets
Press: ? - help, Q - select action, (/) - cycle Shift-Dir - straight line, f/p - two-headed ogre
Aim: a two-headed ogre, wielding a +0 giant spiked club and a +0 giant club (lightly wounded, 80% to hit)
You shoot a sling bullet.
The sling bullet hits the two-headed ogre!
The sling bullet burns the two-headed ogre.
The two-headed ogre is lightly wounded.
Fire: 8 sling bullets
Press: ? - help, Q - select action, (/) - cycle Shift-Dir - straight line, f/p - two-headed ogre
Aim: a two-headed ogre, wielding a +0 giant spiked club and a +0 giant club (lightly wounded, 80% to hit)
You shoot a sling bullet.
The sling bullet hits the two-headed ogre!
The sling bullet burns the two-headed ogre.
The two-headed ogre is moderately wounded.
The two-headed ogre hits you with a +0 giant spiked club.
The two-headed ogre hits you with a +0 giant club!
You gain the combat prowess of a mighty hero.
The two-headed ogre hits you with a +0 giant spiked club!
The two-headed ogre closely misses you.
Fire: 7 sling bullets
Press: ? - help, Q - select action, (/) - cycle Shift-Dir - straight line, f/p - two-headed ogre
Aim: a two-headed ogre, wielding a +0 giant spiked club and a +0 giant club (moderately wounded, 82% to hit)
You shoot a sling bullet.
The sling bullet hits the two-headed ogre.
The sling bullet burns the two-headed ogre.
The two-headed ogre is moderately wounded.
Fire: 6 sling bullets
Press: ? - help, Q - select action, (/) - cycle Shift-Dir - straight line, f/p - two-headed ogre
Aim: a two-headed ogre, wielding a +0 giant spiked club and a +0 giant club (moderately wounded, 82% to hit)
You shoot a sling bullet.
The sling bullet barely misses the two-headed ogre.
The two-headed ogre hits you with a +0 giant spiked club!!
* * * LOW HITPOINT WARNING * * *
The two-headed ogre hits you with a +0 giant club!
You die...

###### ### #.
....##..### ##.
#........# #..#
#@......# #..##
##.O...:..
#...####...(.....
#....##.....^....
#................
#.#............(.
#...##...........
#.##.............
#####.#.#.#..........


You could see a two-headed ogre.

Vanquished Creatures
  A two-headed ogre (D:8)
  A manticore (D:7)
  A smoke demon (Abyss:1)
  4 yaks (D:8)
  A chaos spawn (Abyss:1)
  2 wyverns (D:8)
  2 basilisks
  A neqoxec (Abyss:1)
  Grum (D:8)
  Menkaure (Ossuary)
  5 water moccasins
  An acid dragon (D:7)
  An orc warrior (D:8)
  2 ice beasts
  A sky beast (D:7)
  2 hornet zombies
  2 black bears
  5 ogres
  A centaur (D:8)
  2 wolves (D:8)
  A phantom (D:5)
  3 bullfrogs (D:7)
  A scorpion (D:5)
  A water moccasin zombie (D:5)
  A wyvern skeleton (D:7)
  6 killer bees (D:7)
  A water moccasin skeleton (D:6)
  9 wights
  An electric eel (D:9)
  A crimson imp (D:8)
  2 bullfrog zombies
  4 hounds
  A centaur zombie (D:8)
  An iron imp (Abyss:1)
  A jelly (D:5)
  2 centaur skeletons (D:5)
  4 orc priests
  Terence (D:3)
  An iguana (D:5)
  9 orc wizards
  4 mummies
  7 adders
  11 gnolls
  A shadow imp (D:7)
  A white imp (D:5)
  An adder skeleton (D:4)
  2 worms (D:2)
  A dart slug (D:1)
  14 orcs
  6 bats
  6 endoplasms
  5 giant cockroaches
  6 gnoll zombies (Ossuary)
  5 goblins
  4 hobgoblins
  13 jackals
  3 quokkas
  8 ball pythons
  5 frilled lizards
  2 gnoll skeletons (Ossuary)
  2 goblin skeletons (Ossuary)
  A goblin zombie (Ossuary)
  4 hobgoblin skeletons (Ossuary)
  4 hobgoblin zombies
  7 kobolds
  6 kobold skeletons (Ossuary)
  5 kobold zombies (Ossuary)
  6 orc skeletons (Ossuary)
  7 orc zombies
  6 rats
  5 rat skeletons (Ossuary)
  4 rat zombies (Ossuary)
250 creatures vanquished.

Vanquished Creatures (collateral kills)
  An orc priest (D:4)
1 creature vanquished.

Vanquished Creatures (others)
  A gnoll sergeant (D:5)
  A bat (D:1)
  3 bushes (D:8)
  4 fungi (D:8)
  27 plants (D:8)
36 creatures vanquished.

Grand Total: 287 creatures vanquished

Notes
Turn   | Place    | Note
-------+----------+-------------------------------------------
     0 | D:1      | ragingrage the Gargoyle Artificer began the quest for the
                  | Orb.
     0 | D:1      | Reached XP level 1. HP: 12/12 MP: 1/1
   273 | D:1      | Reached XP level 2. HP: 17/17 MP: 2/2
   982 | D:1      | Found a faded altar of an unknown god.
   992 | D:1      | Reached XP level 3. HP: 19/21 MP: 3/3
  1730 | D:2      | Reached XP level 4. HP: 27/27 MP: 4/4
  1798 | D:2      | Identified the +8 hunting sling of Corruption {flame, rElec
                  | rC+ Str-5 Int+5}
  2840 | D:3      | Reached XP level 5. HP: 25/32 MP: 5/5
  2950 | D:3      | Found a radiant altar of Vehumet.
  3160 | D:3      | Found a sacrificial altar of Ru.
  3283 | D:3      | Noticed Terence
  3362 | D:3      | Killed Terence
  3712 | D:4      | Reached XP level 6. HP: 39/39 MP: 6/6
  4446 | D:5      | Entered Level 5 of the Dungeon
  4448 | D:5      | Found a shimmering altar of Xom.
  4460 | D:4      | Reached skill level 1 in Axes
  4575 | D:5      | Reached skill level 5 in Fighting
  4615 | D:5      | Found a staircase to the Ecumenical Temple.
  4683 | Temple   | Entered the Ecumenical Temple
  4821 | D:5      | Reached skill level 5 in Evocations
  4826 | D:5      | Reached XP level 7. HP: 44/44 MP: 7/7
  4931 | D:5      | Reached skill level 2 in Axes
  5077 | D:5      | Reached skill level 3 in Axes
  5171 | D:5      | Reached XP level 8. HP: 47/51 MP: 8/8
  5358 | D:5      | Found a stormy altar of Qazlal.
  5358 | D:5      | Found a basalt altar of Yredelemnul.
  5547 | D:6      | Identified the +2 leather armour of Hianip {+Blink Int+3
                  | Dex-3}
  5588 | D:6      | Found a sand-covered staircase.
  5641 | Ossuary  | Entered an ossuary
  5878 | Ossuary  | Reached skill level 4 in Axes
  6150 | Ossuary  | Noticed Menkaure
  6154 | Ossuary  | Killed Menkaure
  6733 | D:6      | Found Rivotias's Antique Armour Shoppe.
  6741 | D:6      | Bought a glowing leather armour for 140 gold pieces
  6758 | D:6      | Reached skill level 5 in Axes
  7085 | D:6      | Found an ornate altar of the Wu Jian Council.
  7214 | D:7      | Reached skill level 6 in Axes
  7214 | D:7      | Reached XP level 9. HP: 54/55 MP: 9/9
  7491 | D:7      | Noticed a manticore
  7500 | D:7      | Killed a manticore
  7501 | D:7      | Reached skill level 7 in Axes
  7599 | D:7      | Reached skill level 8 in Axes
  8036 | D:7      | Reached skill level 9 in Axes
  8244 | D:7      | Found Qezye's Assorted Antiques.
  8247 | D:7      | Bought a scroll labelled OXTEH MAYFAME for 18 gold pieces
  8247 | D:7      | Bought a grey potion for 16 gold pieces
  8247 | D:7      | Bought a scroll of teleportation for 54 gold pieces
  8513 | D:7      | Found an iron altar of Okawaru.
  8728 | D:7      | Became a worshipper of Warmaster Okawaru
  8839 | D:8      | Noticed a two-headed ogre
  8928 | D:7      | Reached XP level 10. HP: 59/60 MP: 10/10
  9408 | D:7      | Reached skill level 10 in Axes
  9663 | D:7      | Cast into level 1 of the Abyss (wight)
  9716 | Abyss:1  | Noticed a smoke demon
  9746 | Abyss:1  | Noticed a great orb of eyes
  9752 | Abyss:1  | Noticed a starcursed mass
  9847 | Abyss:1  | Noticed a smoke demon
  9852 | Abyss:1  | Killed a smoke demon
  9961 | Abyss:1  | Noticed a revenant
 10044 | D:7      | Escaped the Abyss
 10204 | D:8      | Reached * piety under Okawaru
 10229 | D:8      | Reached skill level 11 in Axes
 10254 | D:8      | Reached ** piety under Okawaru
 10738 | D:8      | Found a staircase to the Lair.
 10747 | D:8      | Noticed Grum
 11093 | D:8      | Killed a two-headed ogre
 11094 | D:8      | Reached skill level 12 in Axes
 11490 | D:8      | Found a white marble altar of Elyvilon.
 11645 | D:8      | Reached *** piety under Okawaru
 11918 | D:8      | Killed Grum
 11919 | D:8      | Reached XP level 11. HP: 66/66 MP: 11/11
 11938 | D:8      | Found a burning altar of Makhleb.
 11977 | D:9      | Noticed a two-headed ogre
 12185 | D:9      | Found Nist's Magic Scroll Shoppe.
 12196 | D:9      | Bought a scroll of teleportation for 30 gold pieces
 12196 | D:9      | Bought a scroll of identify for 20 gold pieces
 12242 | D:9      | Slain by a two-headed ogre

Illustrated notes

Levels and vault maps discovered:
D:1:      lightli_arrival_windingriver, layout_basic,
          hellmonk_ecumenical_altar_lost_god, serial_park_tiny_2
D:2:      layout_basic, roderic_roman_lattice, minivault_27
D:3:      layout_loops_ring, lemuel_crystal_altar,
          nicolae_overflow_crystal_walls, uniq_terence
D:4:      layout_basic
D:5:      layout_rooms, xom_confusion_cloud, gammafunk_temple_overflow_pools,
          minmay_temple_entry_fiery
D:6:      layout_rooms, pdpol_wu_jian_five_deadly_venoms, serial_shops, shop,
          nicolae_ossuary_entry_giza
D:7:      layout_basic, mainiacjoe_overflow_catwalk, serial_shops,
          kennysheep_mini
D:8:      layout_cave_pods, makhleb_grotto_becter, elyvilon_altar_1,
          minmay_lair_entry_grove, grunt_ministairs_13, uniq_grum
D:9:      layout_big_octagon, serial_gnoll_camp, gnoll_camp_mini_loothouse,
          gnoll_camp_mini_hut, gnoll_camp_medium_02, grums_kennel,
          gnoll_camp_medium_01, serial_shops, shop, nicolae_shop_behind_doors,
          nicolae_square_shop, minivault_14
Temple:   eino_temple_lava

Skill      XL: |  1  2  3  4  5  6  7  8  9 10 |
---------------+-------------------------------+-----
Evocations     | 3 4 5 7 |  7.0
Fighting       | 2 3 4 5 6 |  6.8
Axes           | 1 3 6 9 12 | 12.3
Armour         | |  2.1
Dodging        | |  0.7
Stealth        | |  1.1

Action                   |  1- 3 |  4- 6 |  7- 9 | 10-12 || total
-------------------------+-------+-------+-------+-------++-------
Melee: Club              |    97 |       |       |       ||    97
       Staff             |    89 |    31 |       |       ||   120
       Punch             |     1 |       |       |       ||     1
       Hand axe          |       |       |       |     9 ||     9
       Whip              |       |       |       |     4 ||     4
 Fire: Hunting sling     |       |   142 |   331 |   242 ||   715
Invok: Heroism           |       |       |       |     5 ||     5
Evoke: Wand              |       |     1 |     3 |     5 ||     9
  Use: Scroll            |       |     4 |     5 |    12 ||    21
Armor: Leather armour    |    68 |       |       |       ||    68
       Ring mail         |    54 |    21 |       |       ||    75
       Chain mail        |       |    23 |   111 |   137 ||   271
Dodge: Dodged            |   146 |    51 |    47 |    64 ||   308

Table legend: (Time is in decaauts)
 A = Elapsed time spent in this place.
 B = Non-inter-level travel time spent in this place.
 C = Inter-level travel time spent in this place.
 D = Time resting spent in this place.
 E = Time spent auto-exploring this place.
 F = Levels seen in this place.
 G = Mean time per level.
                   A        B        C        D        E       F      G
               +--------+--------+--------+--------+--------+-----+--------+
         Total |  12403 |  11526 |    877 |   3159 |   5770 |  12 | 1033.6 |
       Dungeon |  11354 |  10482 |    872 |   2953 |   5406 |   9 | 1261.6 |
        Temple |     71 |     66 |      5 |      0 |     62 |   1 |   71.0 |
         Abyss |    373 |    373 |      0 |     62 |     12 |   1 |  373.0 |
       Ossuary |    602 |    602 |      0 |    144 |    290 |   1 |  602.0 |
               +--------+--------+--------+--------+--------+-----+--------+

Top non-repeatable levels by time:
     D:7: 2548 daAuts
     D:8: 1964 daAuts
     D:2: 1657 daAuts
     D:1: 1235 daAuts
     D:6: 1118 daAuts
     D:3: 993 daAuts
     D:5: 844 daAuts
     D:4: 782 daAuts
 Ossuary: 602 daAuts
 Abyss:1: 373 daAuts
     D:9: 211 daAuts
  Temple: 71 daAuts
